Map: Berlingrad LE

Players

MaxPax - Winner!

  • Race: Protoss Protoss
  • League: Grandmaster

TLHarstem (Harstem)

  • Race: Protoss Protoss
  • League: Master

Event: DreamHack SC2 Masters Last Chance 2022

VOD

Have the link to the VOD?

Description

Time

  • Played on: Dec. 17, 2021, 1:18 p.m.
  • Length: 6:19

All games in this series

Show
View Real Time Build Order
Export as new Build Order

MaxPax Protoss - Winner!

Build Orders: Oracle Opening 

Get SALT Encoding   

  12  0:00  Probe  
  13  0:12  Probe  
  14  0:19  Pylon  
  14  0:24  Probe  
  15  0:37  Probe (Chrono Boost)  
  15  0:39  Gateway  
  16  0:47  Assimilator, Probe (Chrono Boost)  
  17  0:52  Probe (Chrono Boost)  
  18  1:04  Probe (Chrono Boost)  
  19  1:06  Assimilator  
  19  1:09  Pylon  
  19  1:16  Probe (Chrono Boost)  
  20  1:22  Probe (Chrono Boost)  
  21  1:27  Cybernetics Core  
  21  1:32  Probe  
  24  1:42  Zealot (Chrono Boost)  
  24  1:45  Probe  
  25  1:57  Probe  
  26  2:06  Adept (Chrono Boost), Stargate  
  26  2:10  Probe  
  29  2:20  Pylon  
  29  2:22  Warp Gate  
  29  2:23  Probe  
  29  2:24  Pylon  
  30  2:35  Probe  
  31  2:37  Stalker  
  33  2:47  Shield Battery  
  33  2:52  Oracle (Chrono Boost)  
  36  3:13  Nexus  
  36  3:19  Stalker  
  38  3:25  Probe  
  38  3:26  Pylon  
  37  3:37  Probe  
  38  3:41  Gateway  
  38  3:44  Oracle (Chrono Boost)  
  41  3:50  Probe  
  42  3:57  Twilight Council  
  42  4:02  Probe  
  43  4:10  Stalker  
  43  4:14  Probe  
  46  4:24  Probe  
  46  4:26  Probe  
  46  4:27  Blink (Chrono Boost)  
  46  4:30  Gateway  
  48  4:37  Probe  
  49  4:39  Probe  
  50  4:49  Probe  
  51  4:53  Probe  
  50  5:01  Probe  
  50  5:05  Probe  
  50  5:06  Gateway  
  52  5:12  Stalker x2  
  52  5:13  Probe  
  57  5:16  Pylon  
  57  5:17  Probe  
  59  5:29  Stalker, Pylon  
  59  5:37  Stalker x2  
  59  5:41  Pylon  
  63  5:54  Stalker  
  61  6:05  Probe x2  
  61  6:07  Stalker x2  
  61  6:08  Stalker  
Show
View Real Time Build Order
Export as new Build Order

TLHarstem Protoss 

Build Orders: Blink Stalkers 

Get SALT Encoding   

  12  0:00  Probe  
  13  0:12  Probe  
  14  0:17  Pylon  
  14  0:24  Probe (Chrono Boost)  
  15  0:36  Gateway, Probe (Chrono Boost)  
  16  0:44  Probe (Chrono Boost)  
  16  0:46  Assimilator  
  17  0:51  Probe  
  17  0:56  Assimilator  
  18  1:03  Probe (Chrono Boost)  
  19  1:08  Gateway  
  20  1:12  Probe (Chrono Boost)  
  20  1:17  Probe (Chrono Boost)  
  21  1:26  Cybernetics Core  
  21  1:30  Probe  
  22  1:37  Pylon  
  22  1:42  Probe  
  23  1:59  Pylon  
  24  2:02  Stalker  
  24  2:03  Warp Gate  
  24  2:06  Stalker  
  27  2:10  Probe  
  28  2:18  Pylon  
  28  2:22  Probe  
  29  2:32  Stalker  
  29  2:36  Stalker  
  33  2:58  Nexus  
  32  3:10  Probe  
  32  3:22  Twilight Council  
  32  3:30  Probe  
  35  3:42  Probe  
  34  3:49  Blink (Chrono Boost)  
  34  3:52  Sentry  
  34  3:53  Stalker  
  34  3:55  Probe  
  39  3:58  Gateway  
  39  4:10  Probe x2  
  40  4:19  Stalker x2  
  40  4:22  Probe  
  40  4:23  Probe  
  46  4:34  Probe  
  46  4:37  Probe  
  48  4:40  Pylon  
  48  4:46  Probe  
  48  4:47  Stalker x2  
  48  4:49  Probe  
  53  4:58  Probe  
  51  5:01  Probe  
  51  5:02  Stalker  
  52  5:10  Probe  
  54  5:14  Stalker  
  54  5:16  Stalker  
  54  5:17  Probe  
  58  5:22  Probe  
  58  5:26  Robotics Facility  
  59  5:30  Stalker  
  59  5:35  Probe, Pylon  
  62  5:48  Stalker x2  
  61  5:55  Stalker  
  63  5:57  Probe  
  60  6:12  Stalker x2  

Tags
 
Add a new tag
Caveats
  • Supply blocks, unpowered buildings, or Contaminate may cause inaccurate times.
  • Supply counts are checked every 10 seconds.